 Dungeon Crawl Stone Soup version 0.28.0-45-g0d030f2227 (webtiles) character file.

Game seed: 446627251402453926

1609 croobank the Chopper (level 8, -1/88 HPs)
             Began as a Hill Orc Fighter on Apr 4, 2022.
             Was a Follower of Beogh.
             Slain by a meliai zombie (7 damage)
             ... on level 6 of the Dungeon.
             The game lasted 00:16:04 (4090 turns).

croobank the Chopper (Hill Orc Fighter)             Turns: 4090, Time: 00:16:07

Health: -1/88      AC:  5    Str: 21    XL:     8   Next: 95%
Magic:  11/11      EV:  7    Int:  8    God:    Beogh [*.....]
Gold:   330        SH:  5    Dex: 10    Spells: 7/7 levels left

rFire   . . .      SeeInvis .   a - +0 war axe
rCold   . . .      Faith    .   c - +0 buckler
rNeg    . . .      Spirit   .   w - +2 chain mail {rPois}
rPois   +          Reflect  .   (no helmet)
rElec   .          Harm     .   l - +0 cloak
rCorr   +          Rampage  .   (no gloves)
Will    .....                   (no boots)
Stlth   ..........              y - amulet of Vitality {Regen+ HP+15}
HPRegen 1.04/turn               n - ring of resist corrosion
MPRegen 0.12/turn               (no ring)

@: corroded, attractive
A: no striking features
a: Renounce Religion


You were on level 6 of the Dungeon.
You worshipped Beogh.
Beogh was aware of your devotion.
You visited 1 branch of the dungeon, and saw 6 of its levels.

You collected 330 gold pieces.

Inventory:

Hand Weapons
 a - a +0 war axe (weapon)
 b - a +0 hunting sling
 f - a +3 quarterstaff of chaos
 o - a +1 hand axe of flaming
 C - a +0 long sword
 E - a +2 halberd of flaming
Missiles
 e - 58 bolts
 h - 147 stones
 i - 120 sling bullets
 s - a throwing net
 z - 34 arrows
Armour
 c - a +0 buckler (worn)
 l - a +0 cloak (worn)
 w - a +2 chain mail of poison resistance (worn)
Jewellery
 g - a ring of ice
 n - a ring of resist corrosion (left hand)
 p - an amulet of regeneration
 y - the amulet of Vitality (around neck) {Regen+ HP+15}
   (You found it on level 4 of the Dungeon)

   [amulet of regeneration]

   HP:        It affects your health (+15).
   Regen:     It increases your rate of health regeneration.
Wands
 m - a wand of acid (7) (quivered)
 A - a wand of polymorph (9)
Scrolls
 v - a scroll of blinking
 D - a scroll of silence {unknown}
Potions
 j - a potion of attraction
 k - 3 potions of curing {unknown}
 q - 2 potions of flight {unknown}
 r - a potion of brilliance {unknown}
 t - 2 potions of haste {unknown}
 u - 3 potions of degeneration {unknown}
 x - 2 potions of lignification {unknown}
 B - a potion of heal wounds {unknown}


   Skills:
 + Level 7.1 Fighting
 + Level 7.1 Axes
 + Level 6.4 Armour
 + Level 6.4 Shields
 + Level 5.0 Invocations


You had 7 spell levels left.
You didn't know any spells.
Your spell library contained the following spells:

 Spells                   Type           Power      Damage    Failure   Level
 Sandblast                Erth           0%         2d4       99%         1
 Blink                    Tloc           0%         N/A       100%        2
 Passwall                 Tmut/Erth      0%         N/A       100%        2
 Lesser Beckoning         Tloc           0%         N/A       100%        3
 Stone Arrow              Conj/Erth      0%         3d7       100%        3
 Fulminant Prism          Conj/Hex       0%         3d6       100%        4
 Iskenderun's Mystic Bla  Conj/Tloc      0%         2d3       100%        4
 Lee's Rapid Deconstruct  Erth           0%         3d5*      100%        5
 Manifold Assault         Tloc           0%         N/A       100%        5


Dungeon Overview and Level Annotations

Branches:
Dungeon (6/15)
 Temple: D:4-7

Altars:
Ru

Shops:
D:5 (

Annotations:
D:3 3 runed translucent doors, Modestlyawesome's ghost, amateur DrTm


Message History

You slash the acid dragon!
The acid dragon is severely wounded.
You hit the water moccasin skeleton.
The water moccasin skeleton bites you but does no damage.
The acid dragon bites you but does no damage.
The acid dragon claws you but does no damage.
The water moccasin skeleton bites you but does no damage.
You hit the acid dragon.
The acid dragon is severely wounded.
You slash the water moccasin skeleton!
You destroy the water moccasin skeleton!
Beogh accepts your kill.
The acid dragon bites you but does no damage.
The acid dragon claws you but does no damage.
The acid dragon spits acid at you. The splash of acid hits you! You resist.
The acid corrodes you!
Your Invocations skill increases to level 5!
You hit the acid dragon but do no damage.
The acid dragon is severely wounded.
The acid dragon bites you!
* * * LOW HITPOINT WARNING * * *
The acid dragon claws you.
* * * LOW HITPOINT WARNING * * *
You barely miss the acid dragon.
The acid dragon is severely wounded.
The acid dragon bites you!
* * * LOW HITPOINT WARNING * * *
The acid dragon barely misses you.
Okay, then.
Blink to where?
Press: ? - help, Dir - move target
As you read the scroll of blinking, it crumbles to dust.
It was a potion of attraction.
You feel attractive to monsters. The meliai zombie hits you.
* * * LOW HITPOINT WARNING * * *
You block the meliai zombie's attack. The meliai zombie hits you.
* * * LOW HITPOINT WARNING * * *
The meliai zombie hits you!
You die...

##...............#
##................#
#.................#
#..........####.####
#..........# ....# .
#..........# #...###..
#..........#####.#......
##.....................
#....>....####@....####
#.........# ##Z..##..#
#.........# ##.##...#
#.........## #.#...##
#..........## +#[#).## ..
##..........###...###....
##.............8........
##.###....###D..###....
#####.###...##.†#.#'.##
..


You could see a meliai zombie.

Vanquished Creatures
  Maggie (D:6)
  A steam dragon (D:6)
  An orc warrior (D:6)
  3 ogres
  A phantom (D:4)
  A gnoll sergeant (D:6)
  A water moccasin zombie (D:5)
  A water moccasin skeleton (D:6)
  2 centaur zombies (D:6)
  2 bullfrog zombies (D:5)
  Crazy Yiuf (D:2)
  A bullfrog skeleton (D:5)
  2 iguanas
  An orc priest (D:6)
  2 hounds (D:5)
  A jelly (D:5)
  2 centaur skeletons
  A gnoll (D:6)
  10 adders
  2 shadow imps
  2 ufetubi
  An adder skeleton (D:5)
  3 worms
  A dart slug (D:4)
  6 orcs
  5 ball pythons
  6 bats
  6 endoplasms
  3 giant cockroaches
  6 goblins
  6 hobgoblins
  8 jackals (D:4)
  10 kobolds
  A quokka (D:3)
  6 frilled lizards
  A jackal skeleton (D:4)
  5 rats
113 creatures vanquished.

Vanquished Creatures (others)
  A hobgoblin (D:4)
1 creature vanquished.

Grand Total: 114 creatures vanquished

Notes
Turn   | Place    | Note
-------+----------+-------------------------------------------
     0 | D:1      | croobank the Hill Orc Fighter began the quest for the Orb.
     0 | D:1      | Reached XP level 1. HP: 19/19 MP: 1/1
    72 | D:1      | Reached XP level 2. HP: 26/27 MP: 2/2
   103 | D:1      | Found a faded altar of an unknown god.
   477 | D:1      | Reached XP level 3. HP: 31/33 MP: 3/3
   743 | D:2      | Reached XP level 4. HP: 30/40 MP: 4/4
   949 | D:2      | Found a runed translucent door.
   950 | D:2      | Noticed Crazy Yiuf
   955 | D:2      | Killed Crazy Yiuf
  1234 | D:3      | Noticed an ogre
  1265 | D:3      | Killed an ogre
  1266 | D:3      | Reached XP level 5. HP: 47/47 MP: 5/5
  1869 | D:3      | Found a runed translucent gate.
  1869 | D:3      | Found a runed translucent gate.
  1869 | D:3      | Found a runed translucent gate.
  2189 | D:3      | Noticed Modestlyawesome's ghost (amateur DrTm)
  2254 | D:4      | Reached skill level 5 in Fighting
  2254 | D:4      | Reached XP level 6. HP: 56/56 MP: 6/6
  2580 | D:4      | Found a sacrificial altar of Ru.
  2613 | D:4      | Became a worshipper of Beogh the Brigand
  2700 | D:4      | Found the amulet of Vitality {Regen+ HP+15}
  2708 | D:4      | Reached skill level 1 in Invocations
  2722 | D:4      | Reached skill level 5 in Axes
  3035 | D:5      | Entered Level 5 of the Dungeon
  3105 | D:5      | Reached skill level 5 in Armour
  3105 | D:5      | Reached skill level 5 in Shields
  3105 | D:5      | Reached XP level 7. HP: 61/61 MP: 8/8
  3260 | D:5      | Found Not Teall's Antique Weapon Emporium.
  3594 | D:6      | Noticed Maggie
  3706 | D:6      | Noticed a steam dragon
  3729 | D:6      | Killed a steam dragon
  3730 | D:6      | Reached XP level 8. HP: 23/70 MP: 10/10
  3846 | D:6      | Killed Maggie
  3911 | D:6      | Reached * piety under Beogh
  4084 | D:6      | Reached skill level 5 in Invocations
  4090 | D:6      | Slain by a meliai zombie

Illustrated notes

Levels and vault maps discovered:
D:1:      mainiacjoe_arrival_reflecting_pool, layout_basic,
          ebering_ecumenical_altar_petrified
D:2:      layout_rooms, uniq_crazy_yiuf_cottage
D:3:      layout_basic, gammafunk_ghost_icy
D:4:      layout_loops_ring, mainiacjoe_overflow_brackets, saegor_snake_ambush
D:5:      layout_cave_pools, grunt_decor_one_mirror, minmay_holes,
          kennysheep_windowed_goal
D:6:      cheibrodos_barr_body, layout_rooms, uniq_maggie

Skill      XL: |  1  2  3  4  5  6  7  8 |
---------------+-------------------------+-----
Axes           | 3 4 5 6 7 |  7.1
Fighting       | 4 5 6 7 |  7.1
Armour         | 4 5 6 |  6.4
Shields        | 4 5 6 |  6.4
Invocations    | 1 3 5 |  5.0

Action                   |  1- 3 |  4- 6 |  7- 9 || total
-------------------------+-------+-------+-------++-------
Melee: War axe           |    94 |   137 |   147 ||   378
       Unarmed           |       |       |     6 ||     6
Throw: Stone             |       |     4 |       ||     4
Invok: Convert to Beogh  |       |     1 |       ||     1
Evoke: Wand              |       |     1 |       ||     1
  Use: Scroll            |     3 |     2 |     2 ||     7
       Potion            |       |     1 |     5 ||     6
Armor: Scale mail        |    53 |    28 |       ||    81
       Chain mail        |       |    47 |   126 ||   173
Dodge: Dodged            |    49 |    49 |    81 ||   179
Block: Buckler           |    19 |    28 |    41 ||    88
